 Dungeon Crawl Stone Soup version 0.29.1-2-gbd0b4ee654 (webtiles) character file.

Game seed: 13587173827032122409

1 flea the Sneak (level 1, -2/9 HPs)
             Began as a Spriggan Enchanter on Nov 8, 2022.
             Frozen to death by an endoplasm (3 damage)
             ... on level 1 of the Dungeon.
             The game lasted 00:01:41 (72 turns).

flea the Sneak (Spriggan Enchanter)                   Turns: 72, Time: 00:01:41

Health: -2/9       AC:  2    Str:  4    XL:     1   Next: 16%
Magic:  5/5        EV: 17    Int: 16    God:
Gold:   0          SH:  0    Dex: 15    Spells: 5/5 levels left

rFire   . . .      SeeInvis +   a - +1 dagger
rCold   . . .      Faith    .   (no shield)
rNeg    . . .      Spirit   .   b - +0 robe
rPois   .          Reflect  .   (helmet restricted)
rElec   .          Harm     .   (no cloak)
rCorr   .          Rampage  .   (gloves unavailable)
Will    .....                   (boots unavailable)
Stlth   +++.......              (no amulet)
HPRegen 0.03/turn               (no ring)
MPRegen 0.09/turn               (no ring)

@: very quick
A: very small, no large weapons, unfitting armour, see invisible, speed 3
a: no special abilities


You were on level 1 of the Dungeon.
You visited 1 branch of the dungeon, and saw 1 of its levels.

Inventory:

Hand Weapons
 a - a +1 dagger (weapon)
Armour
 b - a +0 robe (worn)
Potions
 c - 2 potions of invisibility
 d - a potion of flight {unknown}


   Skills:
 - Level 1.1 Short Blades
 - Level 2.6 Dodging
 + Level 4.4 Stealth
 + Level 2.7 Spellcasting
 * Level 3.7 Hexes


You had 5 spell levels left.
You didn't know any spells.
Your spell library contained the following spells:

 Spells                   Type           Power      Damage    Failure   Level
 Confusing Touch          Hex            14%        N/A       13%         3
 Tukima's Dance           Hex            14%        N/A       13%         3
 Ensorcelled Hibernation  Hex/Ice        16%        N/A       14%         2
 Dazzling Flash           Conj/Hex       16%        N/A       26%         3


Dungeon Overview and Level Annotations

Branches:
Dungeon (1/15)

Altars:


Innate Abilities, Weirdness & Mutations

You are very small and have problems with some larger weapons.
You are too small for most types of armour.
You have supernaturally acute eyesight. (SInv)
You cover ground extremely quickly. (Speed+++)


Message History

The jackal bites you.
You hit the jackal but do no damage.
The jackal is moderately wounded.
The jackal bites you.
The jackal barks!
You hear a bark!
There is an open door here.
The jackal misses you.
You close the door.
A jackal comes into view.
The jackal closely misses you. The jackal misses you.
A goblin comes into view. It is wielding a +0 dagger.
The goblin shouts!
You hear a shout!
An endoplasm comes into view.
The endoplasm quivers.
You hit the goblin but do no damage. You barely miss the goblin.
The jackal closely misses you. The goblin misses you.
A hobgoblin comes into view.
The jackal bites you.
* * * LOW HITPOINT WARNING * * *
You closely miss the goblin. The goblin hits you with a +0 dagger.
* * * LOW HITPOINT WARNING * * *
The jackal bites you but does no damage.
You hit the goblin. Your punch misses the goblin.
The goblin is heavily wounded.
The goblin hits you but does no damage.
The jackal bites you but does no damage.
You hit the goblin.
You kill the goblin!
You hit the endoplasm.
The endoplasm is almost dead.
The jackal barely misses you. The jackal closely misses you.
The endoplasm misses you. The jackal misses you.
You hit the endoplasm but do no damage.
The endoplasm is almost dead.
The jackal misses you. The jackal closely misses you.
The endoplasm freezes you.
You are frozen.
You die...

#..<≈≈⌠# #...≈≈≈#
#...≈≈≈# #.##.≈≈#
#.##..≈# ###......#
#######.+hh...⌠#
#hh.....#......#
#@#####.#.##...#
..##J#####.#.##...#
...gg.hh...#......#
..#..##....#......#
.....#####h#..>..⌠#
...........########
...######## ..##


You could see an endoplasm, 2 jackals, a hobgoblin and a goblin.

Vanquished Creatures
  A goblin (D:1)
1 creature vanquished.

Notes
Turn   | Place    | Note
-------+----------+-------------------------------------------
     0 | D:1      | flea the Spriggan Enchanter began the quest for the Orb.
     0 | D:1      | Reached XP level 1. HP: 9/9 MP: 5/5
    72 | D:1      | Frozen to death by an endoplasm

Illustrated notes

Levels and vault maps discovered:
D:1:      amcnicky_arrival_flooded_fountain, layout_loops_ring, serial_shops,
          nicolae_shop_stone, shapermc_ecumenical_altar_starsandcircs

Action                   || total
-------------------------++-------
Melee: Dagger            ||    10
Armor: Robe              ||     4
Dodge: Dodged            ||    11
